 Dungeon Crawl Stone Soup version 0.22.1-2-g9c5b331 (webtiles) character file.

1286 manyhoops the Cleaver (level 8, -5/60 HPs)
             Began as a Gnoll Wanderer on Jan 6, 2019.
             Was an Initiate of Makhleb.
             Slain by an orc warrior
             ... wielding a +0 hand axe
              (20 damage)
             ... on level 6 of the Dungeon.
             The game lasted 00:09:39 (5159 turns).

manyhoops the Cleaver (Gnoll Wanderer)              Turns: 5159, Time: 00:09:40

Health: -5/60      AC:  7    Str: 16    XL:     8   Next: 55%
Magic:  14/14      EV: 12    Int: 15    God:    Makhleb [......]
Gold:   79         SH:  0    Dex: 15    Spells: 9/15 levels left

rFire    . . .     SeeInvis .   a - +2 hand axe
rCold    . . .     Gourm    .   (no shield)
rNeg     + . .     Faith    .   p - +0 ring mail
rPois    .         Spirit   .   (no helmet)
rElec    .         Reflect  .   x - +0 cloak
rCorr    .         Harm     .   (no gloves)
MR       .....                  j - +0 pair of boots
Stlth    ++........             (no amulet)
HPRegen  0.20/turn              s - ring of positive energy
MPRegen  0.14/turn              u - ring of wizardry

@: about to teleport, drained
A: distributed training, fangs 1, strong nose
a: Renounce Religion


You were on level 6 of the Dungeon.
You worshipped Makhleb.
Makhleb was noncommittal.
You were not hungry.

You visited 2 branches of the dungeon, and saw 7 of its levels.

You collected 196 gold pieces.
You spent 117 gold pieces at shops.

Inventory:

Hand Weapons
 a - a +2 hand axe (weapon)
 v - a +0 war axe
Missiles
 h - 7 tomahawks
 n - 4 tomahawks of dispersal (quivered)
 w - 6 javelins
Armour
 d - a +0 robe
 j - a +0 pair of boots (worn)
 p - a +0 ring mail (worn)
 x - a +0 cloak (worn)
Jewellery
 s - a ring of positive energy (left hand)
 u - a ring of wizardry (right hand)
Wands
 l - a wand of random effects (37)
 z - a wand of iceblast (3)
Scrolls
 g - a scroll of teleportation
 i - a scroll of noise
 o - 2 scrolls of amnesia
 y - 2 scrolls of remove curse
 A - a scroll of fog {unknown}
 B - a scroll of enchant weapon {unknown}
 E - a scroll of magic mapping
 F - a scroll of enchant armour {unknown}
 G - a scroll of vulnerability {unknown}
Potions
 b - a potion of brilliance
 c - a potion of resistance
 e - a potion of agility
 k - a potion of ambrosia {unknown}
 q - 4 potions of curing
 r - a potion of flight {unknown}
 t - a potion of might {unknown}
 D - a potion of mutation {unknown}
Comestibles
 f - 6 rations


   Skills:
 + Level 4.2(4.1) Fighting
 + Level 3.3(3.1) Short Blades
 + Level 3.3(3.1) Long Blades
 + Level 9.2(9.0) Axes
 + Level 3.3(3.1) Maces & Flails
 + Level 3.3(3.1) Polearms
 + Level 3.3(3.1) Staves
 + Level 3.3(3.1) Slings
 + Level 3.3(3.1) Bows
 + Level 3.3(3.1) Crossbows
 + Level 3.3(3.1) Throwing
 + Level 3.3(3.1) Armour
 + Level 3.3(3.1) Dodging
 + Level 4.1(4.0) Stealth
 + Level 3.3(3.1) Shields
 + Level 3.3(3.1) Unarmed Combat
 + Level 4.4(4.2) Spellcasting
 + Level 2.7(2.5) Conjurations
 + Level 2.7(2.5) Hexes
 + Level 2.7(2.5) Charms
 + Level 2.7(2.5) Summonings
 + Level 3.5(3.3) Necromancy
 + Level 2.7(2.5) Translocations
 + Level 2.7(2.5) Transmutations
 + Level 2.7(2.5) Fire Magic
 + Level 2.7(2.5) Ice Magic
 + Level 2.7(2.5) Air Magic
 + Level 2.7(2.5) Earth Magic
 + Level 3.5(3.3) Poison Magic
 + Level 3.6(3.5) Invocations
 + Level 4.2(4.1) Evocations


You had 9 spell levels left.
You knew the following spells:

 Your Spells              Type           Power        Failure   Level  Hunger
a - Sting                 Conj/Pois      ##..         4%          1    None
b - Sticks to Snakes      Tmut           ##......     7%          2    ##.....
c - Mephitic Cloud        Conj/Pois/Air  ##......     12%         3    ###....

Your spell library contained the following spells:

 Spells                   Type           Power        Failure   Level  Hunger
 Beastly Appendage        Tmut           ##....       4%          1    None
 Spider Form              Tmut/Pois      ##........   12%         3    ###....
 Ice Form                 Ice/Tmut       ##......     41%         4    ####...
 Blade Hands              Tmut           ##........   75%         5    ######.


Dungeon Overview and Level Annotations

Branches:
Dungeon (6/15)             Temple (1/1) D:5

Altars:
Ashenzari
Cheibriados
Dithmenos
Fedhas
Gozag
Hepliaklqana
Kikubaaqudgha
Makhleb
Nemelex Xobeh
Okawaru
Sif Muna
Trog
Uskayaw
Vehumet
Wu Jian
Zin
The Shining One

Shops:
D:4 =   D:5 *


Innate Abilities, Weirdness & Mutations

Your experience applies equally to all skills.
You have very sharp teeth.
Your uncanny sense of smell can sniff out nearby items.


Message History

Your ring mail prevents you from hitting the orc warrior.
The orc warrior hits you with a hand axe!
You hit the orc warrior.
You bite the orc warrior, but do no damage.
The orc warrior is lightly wounded.
You hit the orc warrior but do no damage.
The orc warrior is lightly wounded.
The orc warrior hits you with a hand axe!
* * * LOW HITPOINT WARNING * * *
You hit the orc warrior.
The orc warrior is moderately wounded.
The orc warrior barely misses you.
You are starving!
You see here 14 gold pieces.
Okay, then.
As you read the scroll of teleportation, it crumbles to dust.
You feel strangely unstable. The orc warrior misses you.
You eat one of the 7 rations.
That ration really hit the spot!
The orc warrior hits you with a hand axe!!
You die...

### # #...#
################.#.####
...................>..
##########...###.#..#
#...'...#..#
#...##.<...####
#...##......... ######
##+###.@.#.#### .....####
##o## # ##......## #o#
#.......## #.# #
#.....≈.≈. ####o##.#####
##....≈.≈.≈ #.....).....#
##....#...#∆#...###.###.#
'.....# ≈.#$$... #
####### .###...


You could see an orc warrior and 2 orcs.

Vanquished Creatures
  Duvessa (D:4)
  A sky beast (D:6)
  2 ogres
  Dowan (D:4)
  2 wights (D:6)
  2 crimson imps (D:5)
  An orc priest (D:4)
  4 hounds
  4 orc wizards
  A bullfrog skeleton (D:5)
  3 iguanas
  Ijyb (D:4)
  Natasha (thrice) (D:4)
  3 worker ants
  6 adders
  A shadow imp (D:5)
  3 oozes
  A worm (D:2)
  A dart slug (D:1)
  3 leopard geckos
  18 orcs
  5 bats
  4 giant cockroaches
  4 goblins
  6 hobgoblins
  3 jackals (D:3)
  3 quokkas (D:5)
  4 ball pythons
  5 frilled lizards
  8 kobolds
  8 rats
112 creatures vanquished.

Notes
Turn   | Place    | Note
-------+----------+-------------------------------------------
     0 | D:1      | manyhoops the Gnoll Wanderer began the quest for the Orb.
     0 | D:1      | manyhoops set off with: a +2 hand axe, a potion of
                  | lignification, a +0 robe, a ration
     0 | D:1      | Reached XP level 1. HP: 17/17 MP: 4/4
     2 | D:1      | Learned a level 1 spell: Sting
   105 | D:1      | Reached XP level 2. HP: 17/23 MP: 5/5
   522 | D:1      | Reached XP level 3. HP: 26/28 MP: 7/7
  1150 | D:2      | Found a deep blue altar of Sif Muna.
  1152 | D:2      | Found a glowing silver altar of Zin.
  1184 | D:2      | Found a bloodstained altar of Trog.
  1200 | D:2      | Reached skill level 1 in Invocations
  1397 | D:3      | Reached skill level 1 in Short Blades
  1397 | D:3      | Reached skill level 1 in Long Blades
  1397 | D:3      | Reached skill level 1 in Maces & Flails
  1397 | D:3      | Reached skill level 1 in Polearms
  1397 | D:3      | Reached skill level 1 in Staves
  1397 | D:3      | Reached skill level 1 in Slings
  1397 | D:3      | Reached skill level 1 in Bows
  1397 | D:3      | Reached skill level 1 in Crossbows
  1397 | D:3      | Reached skill level 1 in Throwing
  1397 | D:3      | Reached skill level 1 in Armour
  1397 | D:3      | Reached skill level 1 in Dodging
  1397 | D:3      | Reached skill level 1 in Shields
  1397 | D:3      | Reached skill level 1 in Unarmed Combat
  1397 | D:3      | Reached XP level 4. HP: 31/34 MP: 8/8
  1410 | D:3      | Learned a level 3 spell: Mephitic Cloud
  1601 | D:3      | Reached skill level 1 in Conjurations
  1601 | D:3      | Reached skill level 1 in Hexes
  1601 | D:3      | Reached skill level 1 in Charms
  1601 | D:3      | Reached skill level 1 in Summonings
  1601 | D:3      | Reached skill level 1 in Translocations
  1601 | D:3      | Reached skill level 1 in Transmutations
  1601 | D:3      | Reached skill level 1 in Fire Magic
  1601 | D:3      | Reached skill level 1 in Ice Magic
  1601 | D:3      | Reached skill level 1 in Air Magic
  1601 | D:3      | Reached skill level 1 in Earth Magic
  1765 | D:3      | Found a sparkling altar of Nemelex Xobeh.
  1855 | D:4      | Noticed Natasha
  1863 | D:4      | Killed Natasha
  1863 | D:4      | Reached XP level 5. HP: 31/40 MP: 7/9
  1888 | D:4      | Noticed an ogre
  2134 | D:4      | Noticed Dowan
  2137 | D:4      | Noticed Duvessa
  2384 | D:4      | Found Cadghen's Jewellery Shop.
  2389 | D:4      | Reached XP level 6. HP: 37/47 MP: 10/10
  2389 | D:4      | Noticed Natasha
  2402 | D:4      | Killed Natasha
  2633 | D:4      | Killed Duvessa
  2633 | D:4      | Reached XP level 7. HP: 52/52 MP: 2/12
  2651 | D:4      | Killed Dowan
  2811 | D:4      | HP: 1/52 [iguana (7)]
  3184 | D:4      | Noticed Natasha
  3195 | D:4      | Killed Natasha
  3289 | D:4      | Noticed Ijyb
  3300 | D:4      | Killed Ijyb
  3301 | D:4      | Found a shadowy altar of Dithmenos.
  3532 | D:4      | Found an ornate altar of the Wu Jian Council.
  3561 | D:5      | Entered Level 5 of the Dungeon
  3587 | D:5      | Reached skill level 9 in Axes
  3737 | D:5      | Reached XP level 8. HP: 27/60 MP: 9/14
  3756 | D:5      | Learned a level 2 spell: Sticks to Snakes
  3986 | D:5      | Found Tovar's Assorted Antiques.
  4000 | D:5      | Bought a lumpy ruby potion for 27 gold pieces
  4000 | D:5      | Bought a scroll labeled XEUXZEVI FAOT for 30 gold pieces
  4000 | D:5      | Bought a scroll labeled HUVIUK PAIQA for 30 gold pieces
  4000 | D:5      | Bought a scroll labeled ALEDEU ZEALENN for 30 gold pieces
  4126 | D:5      | Found a staircase to the Ecumenical Temple.
  4138 | Temple   | Entered the Ecumenical Temple
  4187 | Temple   | Became a worshipper of Makhleb the Destroyer
  5159 | D:6      | Slain by an orc warrior

Skill      XL: |  1  2  3  4  5  6  7  8 |
---------------+-------------------------+-----
Necromancy     | 2 3 |  3.5
Poison Magic   | 2 3 |  3.5
Invocations    | 1 2 3 |  3.6
Short Blades   | 1 2 3 |  3.3
Long Blades    | 1 2 3 |  3.3
Maces & Flails | 1 2 3 |  3.3
Polearms       | 1 2 3 |  3.3
Staves         | 1 2 3 |  3.3
Slings         | 1 2 3 |  3.3
Bows           | 1 2 3 |  3.3
Crossbows      | 1 2 3 |  3.3
Throwing       | 1 2 3 |  3.3
Armour         | 1 2 3 |  3.3
Dodging        | 1 2 3 |  3.3
Shields        | 1 2 3 |  3.3
Unarmed Combat | 1 2 3 |  3.3
Spellcasting   | 3 4 |  4.4
Conjurations   | 1 2 |  2.7
Hexes          | 1 2 |  2.7
Charms         | 1 2 |  2.7
Summonings     | 1 2 |  2.7
Translocations | 1 2 |  2.7
Transmutations | 1 2 |  2.7
Fire Magic     | 1 2 |  2.7
Ice Magic      | 1 2 |  2.7
Air Magic      | 1 2 |  2.7
Earth Magic    | 1 2 |  2.7
Fighting       | 3 4 |  4.2
Evocations     | 3 4 |  4.2
Stealth        | 3 4 |  4.1
Axes           | 9 |  9.2

Action                   |  1- 3 |  4- 6 |  7- 9 || total
-------------------------+-------+-------+-------++-------
Melee: Hand axe          |    86 |   101 |   196 ||   383
       Bite              |     5 |     7 |    21 ||    33
       Punch             |       |       |     1 ||     1
Throw: Tomahawk          |       |       |     2 ||     2
 Cast: Sting             |       |    19 |    17 ||    36
  Use: Scroll            |     3 |       |     8 ||    11
       Potion            |     2 |     3 |     3 ||     8
 Stab: Sleeping          |     6 |     1 |     1 ||     8
  Eat: Chunk             |     1 |     3 |     4 ||     8
       Ration            |       |       |     2 ||     2
Armor: Robe              |    24 |       |       ||    24
       Ring mail         |     2 |    48 |    74 ||   124
       Skin              |       |     1 |    12 ||    13
Dodge: Dodged            |    45 |    43 |    99 ||   187
